[Event "ICC tourney 2906 (40 10)"]
[Site "Internet Chess Club"]
[Date "2022.05.07"]
[Round "3"]
[White "WANG, TED:tedwpnw"]
[Black "WEN, YILI:yyyw"]
[Result "1/2-1/2"]
[ICCResult "Game drawn by mutual agreement"]
[WhiteElo "1711"]
[BlackElo "2150"]
[Opening "Giuoco Piano"]
[ECO "C54"]
[NIC "IG.02"]
[Time "15:30:38"]
[PlyCount "182"]
[TimeControl "2400+10"]

1. e4 e5 2. Nf3 Nc6 3. Bc4 Bc5 4. c3 Nf6 5. d3 d6 6. Bb3 a5 7. Nbd2 O-O 8.
h3 h6 9. Nf1 Nh5 10. Ne3 Nf4 11. O-O Ba7 12. Nc2 Qf6 13. Bxf4 exf4 14. Kh2
Re8 15. Qd2 Ne5 16. Qe2 Be6 17. Rae1 Kh7 18. d4 Ng6 19. Qd3 Rad8 20. Re2 Bd7
21. a3 Bc6 22. Rfe1 Kh8 23. Ba2 Re7 24. Qd2 Nh4 25. Nxh4 Qxh4 26. Qd3 Rde8
27. b4 Qg5 28. d5 Bd7 29. Nd4 axb4 30. axb4 Bb6 31. Nf3 Qh5 32. Bb1 g6 33.
c4 Ba7 34. Ra2 Bb6 35. c5 dxc5 36. bxc5 Bxc5 37. Qc3+ Kh7 38. Qxc5 Bxh3 39.
gxh3 Qxf3 40. Ra3 Qh5 41. Qd4 Re5 42. Qd2 f5 43. Qxf4 R8e7 44. Rae3 g5 45.
Qf3 Qxf3 46. Rxf3 fxe4 47. Rfe3 Kg7 48. Bxe4 Re8 49. Bg2 Kf6 50. Rf3+ Kg7
51. Rxe5 Rxe5 52. Ra3 Rf5 53. Kg1 b6 54. Ra7 Rf7 55. Kf1 Kf6 56. Rb7 Ke5 57.
Ke2 h5 58. Bf3 g4 59. hxg4 hxg4 60. Bg2 Kd6 61. Rb8 Re7+ 62. Kf1 Rg7 63. Ke2
Re7+ 64. Kd2 Rf7 65. Ke3 Rg7 66. Kf4 Rf7+ 67. Kg3 Rg7 68. Rf8 Kc5 69. Rf4 b5
70. Rxg4 Rh7 71. Rg8 b4 72. Rb8 Rg7+ 73. Kh2 Kc4 74. Rb7 Rd7 75. Be4 b3 76.
Bf5 Rf7 77. Be6 Rxf2+ 78. Kg3 Re2 79. Rxc7+ Kd4 80. Bf7 b2 81. Rb7 Kc5 82.
Be6 Kd4 83. Bf7 Kc5 84. Kg4 Re4+ 85. Kf3 Rb4 86. Rxb4 Kxb4 87. Bg6 Kc5 88.
Bb1 Kxd5 89. Kg4 Kd4 90. Kh5 Ke3 91. Kh6 Kd2 {Game drawn by mutual
agreement} 1/2-1/2

[Event "ICC tourney 2906 (40 10)"]
[Site "Internet Chess Club"]
[Date "2022.05.07"]
[Round "3"]
[White "SHEEHAN, ETHAN THOMAS:Chessking2008"]
[Black "SHAWKAT, SAIF:saif-shawkat"]
[Result "1/2-1/2"]
[ICCResult "Game drawn because neither player has mating material"]
[WhiteElo "2276"]
[BlackElo "1911"]
[Opening "King's Indian: orthodox, 7...Nbd7"]
[ECO "E94"]
[NIC "KI.14"]
[Time "15:30:45"]
[PlyCount "136"]
[TimeControl "2400+10"]

1. c4 g6 2. e4 Bg7 3. d4 d6 4. Nf3 Nf6 5. Nc3 O-O 6. Be2 e5 7. O-O Nbd7 8.
Qc2 Qe7 9. Rd1 c6 10. d5 c5 11. Ne1 Ne8 12. Be3 f5 13. f3 f4 14. Bf2 g5 15.
Nd3 Ndf6 16. b4 b6 17. a4 a5 18. bxa5 bxa5 19. Rab1 g4 20. Rb6 g3 21. hxg3
fxg3 22. Bxg3 Nh5 23. Bf2 Qg5 24. Qd2 Nf4 25. Nxf4 exf4 26. Bf1 Be5 27. Ne2
Qh5 28. Nc1 Rf6 29. Nd3 Rh6 30. Bxc5 dxc5 31. Nxe5 Qh2+ 32. Kf2 Qg3+ 33. Ke2
Rxb6 34. Nd3 Ba6 35. Qxa5 Rb4 36. Rc1 Bb7 37. Qxc5 Rbxa4 38. d6 Ra2+ 39. Kd1
Rxg2 40. Bxg2 Qxg2 41. Ne1 Qg6 42. d7 Rd8 43. Qe7 Qd6+ 44. Qxd6 Nxd6 45. c5
Nxe4 46. fxe4 Rxd7+ 47. Ke2 Bxe4 48. Rc4 f3+ 49. Ke3 Re7 50. Kf2 Bd5 51. Rc3
Re2+ 52. Kf1 Re6 53. Nc2 Kf7 54. Ne3 Bc6 55. Nf5 Rf6 56. Nd4 Ke7 57. Kf2 Kd7
58. Ra3 Rg6 59. Ra7+ Kc8 60. Rxh7 Rg2+ 61. Kf1 Bd5 62. Rh8+ Kc7 63. Rf8 Rd2
64. Nxf3 Bxf3 65. Rxf3 Kc6 66. Rc3 Rd5 67. Ke2 Rxc5 68. Rxc5+ Kxc5
{Game drawn because neither player has mating material}
1/2-1/2

[Event "ICC tourney 2906 (40 10)"]
[Site "Internet Chess Club"]
[Date "2022.05.07"]
[Round "4"]
[White "MARKOVIC, GORAN:Goran21"]
[Black "LIN, LEO FANYUE:Leolix"]
[Result "0-1"]
[ICCResult "White resigns"]
[WhiteElo "1794"]
[BlackElo "2000"]
[Opening "Sicilian"]
[ECO "B50"]
[NIC "SI.01"]
[Time "17:45:40"]
[PlyCount "54"]
[TimeControl "2400+10"]

1. e4 c5 2. Nf3 d6 3. Nc3 Nf6 4. Bc4 e6 5. e5 dxe5 6. Nxe5 Bd6 7. Qe2 a6 8.
a4 O-O 9. d3 Qc7 10. f4 Nbd7 11. Nxd7 Bxd7 12. O-O Bc6 13. Ne4 Nxe4 14. dxe4
Rad8 15. a5 Be7 16. f5 exf5 17. Rxf5 g6 18. Rf2 Rd4 19. Bh6 Rxe4 20. Qf1 Rh4
21. Bf4 Bd6 22. Bxd6 Qxd6 23. g3 Qxg3+ 24. Rg2 Qxg2+ 25. Qxg2 Bxg2 26. Be2
Bc6 27. Ra4 Rxa4 {White resigns} 0-1

[Event "ICC tourney 2906 (40 10)"]
[Site "Internet Chess Club"]
[Date "2022.05.07"]
[Round "4"]
[White "Nguyen, Hoa Duc:leoman"]
[Black "WANG, ALEXANDER J:ickyquarter"]
[Result "1-0"]
[ICCResult "Black checkmated"]
[WhiteElo "2492"]
[BlackElo "1929"]
[Opening "Sicilian: dragon, Yugoslav attack, 7...O-O"]
[ECO "B76"]
[NIC "SI.17"]
[Time "17:46:23"]
[PlyCount "57"]
[TimeControl "2400+10"]

1. e4 c5 2. Nf3 d6 3. d4 cxd4 4. Nxd4 Nf6 5. Nc3 g6 6. Be3 Bg7 7. f3 O-O 8.
Qd2 Nc6 9. g4 Be6 10. Nxe6 fxe6 11. O-O-O Ne5 12. Be2 Qc8 13. Bh6 Nc4 14.
Bxc4 Qxc4 15. h4 Nd7 16. Bxg7 Kxg7 17. h5 Rh8 18. Qg5 Nf6 19. e5 dxe5 20.
Qxe5 Rad8 21. g5 Rxd1+ 22. Rxd1 Rf8 23. b3 Qc6 24. Ne4 Rf7 25. h6+ Kg8 26.
Nxf6+ exf6 27. Rd8+ Rf8 28. Qxf6 Rxd8 29. Qg7# {Black checkmated} 1-0

[Event "ICC tourney 2906 (40 10)"]
[Site "Internet Chess Club"]
[Date "2022.05.07"]
[Round "4"]
[White "SHAWKAT, SAIF:saif-shawkat"]
[Black "REVESZ, GREGORY:GRevesz"]
[Result "1-0"]
[ICCResult "Black resigns"]
[WhiteElo "1911"]
[BlackElo "1866"]
[Opening "Caro-Kann defense"]
[ECO "B10"]
[NIC "CK.01"]
[Time "17:46:03"]
[PlyCount "55"]
[TimeControl "2400+10"]

1. e4 c6 2. Nf3 d5 3. d3 dxe4 4. dxe4 Qxd1+ 5. Kxd1 Bg4 6. Be2 Nd7 7. Ne1
Bxe2+ 8. Kxe2 e5 9. Nd3 Ngf6 10. f3 O-O-O 11. Be3 b6 12. a4 Bd6 13. Nd2 a5
14. Nc4 Bc7 15. b4 axb4 16. Nxb4 Kb7 17. a5 bxa5 18. Nxa5+ Bxa5 19. Rxa5 Ra8
20. Rha1 Rxa5 21. Rxa5 Ra8 22. Rxa8 Kxa8 23. Nxc6 Nh5 24. Kd3 f6 25. Kc4 Kb7
26. Nd8+ Kc7 27. Ne6+ Kd6 28. Nc5 {Black resigns} 1-0

[Event "ICC tourney 2906 (40 10)"]
[Site "Internet Chess Club"]
[Date "2022.05.07"]
[Round "4"]
[White "SHOLL, CRAIG H:craigsholl66"]
[Black "JIANG, ANDREW:K05-16091063"]
[Result "0-1"]
[ICCResult "White resigns"]
[WhiteElo "1663"]
[BlackElo "2008"]
[Opening "Queen's bishop game"]
[ECO "D02"]
[NIC "QP.06"]
[Time "17:45:17"]
[PlyCount "64"]
[TimeControl "2400+10"]

1. Nf3 Nf6 2. d4 d5 3. Bf4 e6 4. e3 c5 5. Bb5+ Bd7 6. Bxd7+ Nbxd7 7. O-O Be7
8. c4 dxc4 9. Qa4 cxd4 10. exd4 Nd5 11. Bg3 Nb6 12. Qb5 a6 13. Qa5 Nd5 14.
Qxd8+ Rxd8 15. Rc1 b5 16. b3 N7b6 17. Ne5 Rc8 18. bxc4 bxc4 19. a4 Bg5 20.
Rc2 Nb4 21. Rb2 N6d5 22. f4 Bd8 23. a5 c3 24. Nxc3 Rxc3 25. Be1 Rc2 26. Rbb1
Nc6 27. Nxc6 Rxc6 28. Rc1 Rxc1 29. Rxc1 Kd7 30. Bd2 Bf6 31. Rc4 Rc8 32. Rxc8
Kxc8 {White resigns} 0-1

[Event "ICC tourney 2906 (40 10)"]
[Site "Internet Chess Club"]
[Date "2022.05.07"]
[Round "4"]
[White "QI, JENNY:eevee11"]
[Black "SHEEHAN, ETHAN THOMAS:Chessking2008"]
[Result "0-1"]
[ICCResult "White checkmated"]
[WhiteElo "1424"]
[BlackElo "2276"]
[Opening "Ruy Lopez: open, 8...Be6"]
[ECO "C80"]
[NIC "RL.27"]
[Time "17:47:03"]
[PlyCount "60"]
[TimeControl "2400+10"]

1. e4 e5 2. Nf3 Nc6 3. Bb5 a6 4. Ba4 Nf6 5. O-O Nxe4 6. d4 b5 7. Bb3 d5 8.
dxe5 Be6 9. a3 Bc5 10. Nbd2 O-O 11. Qe2 Bf5 12. c3 Re8 13. Nxe4 dxe4 14. Ng5
Nxe5 15. Rd1 Qe7 16. h3 h6 17. Bd5 hxg5 18. Bxa8 Rxa8 19. Qd2 Nd3 20. Rf1 f6
21. b4 Bb6 22. Qe2 Qe5 23. Bd2 c6 24. a4 Bc7 25. g3 Bxh3 26. Rfb1 Qf5 27.
Be3 Bg4 28. Qc2 Bf3 29. Kh2 Qh7+ 30. Kg1 Qh1# {White checkmated} 0-1

[Event "ICC tourney 2906 (40 10)"]
[Site "Internet Chess Club"]
[Date "2022.05.07"]
[Round "4"]
[White "Turcotte, Jonathan:JonnyTurgi"]
[Black "OPASKA, MICHAEL:mopaska1106"]
[Result "1-0"]
[ICCResult "Black resigns"]
[WhiteElo "2000"]
[BlackElo "1778"]
[Opening "Dutch with c4 & Nc3"]
[ECO "A85"]
[NIC "HD.05"]
[Time "17:45:13"]
[PlyCount "69"]
[TimeControl "2400+10"]

1. d4 f5 2. c4 Nf6 3. Nc3 g6 4. h4 h6 5. Nh3 Bg7 6. Nf4 g5 7. Ng6 Rg8 8.
hxg5 hxg5 9. Bxg5 d6 10. e3 Nc6 11. Bxf6 Bxf6 12. Qh5 Be6 13. Bd3 Bf7 14.
Bxf5 e5 15. d5 Ne7 16. Nxe7 Bxh5 17. Nxg8 Bf7 18. Nh6 a6 19. Ne4 b5 20.
O-O-O bxc4 21. g4 Bg7 22. g5 Kf8 23. Nxf7 Kxf7 24. Rh7 Kf8 25. Rdh1 Kf7 26.
g6+ Kf8 27. Rh8+ Bxh8 28. Rxh8+ Kg7 29. Rxd8 Rxd8 30. Ng5 Kf6 31. Ne6 Rg8
32. e4 Rh8 33. Nxc7 a5 34. Kc2 Rh2 35. Ne8+ {Black resigns} 1-0

[Event "ICC tourney 2906 (40 10)"]
[Site "Internet Chess Club"]
[Date "2022.05.07"]
[Round "4"]
[White "TAO, SIHAN:K06-16931716"]
[Black "XIA, JOSHUA:MathMonkey"]
[Result "1-0"]
[ICCResult "Black checkmated"]
[WhiteElo "1847"]
[BlackElo "1570"]
[Opening "Scotch game"]
[ECO "C45"]
[NIC "SO.05"]
[Time "17:46:03"]
[PlyCount "61"]
[TimeControl "2400+10"]

1. e4 e5 2. Nf3 Nc6 3. d4 exd4 4. Nxd4 Bc5 5. Be3 Qf6 6. c3 Nge7 7. Bc4 O-O
8. O-O b6 9. Qd2 Bb7 10. b4 Ne5 11. Be2 Bxd4 12. cxd4 N5g6 13. Nc3 d5 14. e5
Qe6 15. f4 Nh4 16. g3 Nhf5 17. g4 Qg6 18. Kh1 Nxe3 19. Qxe3 Qh6 20. Rf3 c5
21. Nb5 a6 22. Nd6 cxd4 23. Qd3 Bc6 24. g5 Qg6 25. f5 Qxg5 26. Rg1 Qh6 27.
f6 Ng6 28. Nf5 Qh5 29. Rh3 Nxe5 30. Ne7+ Kh8 31. fxg7# {Black checkmated}
1-0

[Event "ICC tourney 2906 (40 10)"]
[Site "Internet Chess Club"]
[Date "2022.05.07"]
[Round "4"]
[White "LU, YIDING:K05-16857692"]
[Black "YAN, RUIYANG:jy2020"]
[Result "0-1"]
[ICCResult "White resigns"]
[WhiteElo "1827"]
[BlackElo "2185"]
[Opening "English: Neo-Catalan"]
[ECO "A13"]
[NIC "QP.11"]
[Time "17:45:36"]
[PlyCount "70"]
[TimeControl "2400+10"]

1. Nf3 Nf6 2. c4 e6 3. g3 d5 4. b3 d4 5. Bb2 c5 6. Bg2 Nc6 7. d3 Bd6 8. O-O
O-O 9. e4 dxe3 10. fxe3 e5 11. Nc3 Bc7 12. Qe2 Bg4 13. Rad1 Qd7 14. Qc2 Rad8
15. Ne4 Nxe4 16. dxe4 Qe6 17. h3 Rxd1 18. Qxd1 Rd8 19. Qe2 Bxf3 20. Qxf3 Nb4
21. a3 Nd3 22. Bc3 b5 23. Qf5 b4 24. axb4 cxb4 25. Bd2 a5 26. Qxe6 fxe6 27.
h4 Nc5 28. Be1 Nxb3 29. Bh3 Nc5 30. Rf2 Rd1 31. Rf1 b3 32. Bc3 Rxf1+ 33.
Kxf1 Kf7 34. Bg2 Na4 35. Ba1 b2 {White resigns} 0-1

[Event "ICC tourney 2906 (40 10)"]
[Site "Internet Chess Club"]
[Date "2022.05.07"]
[Round "4"]
[White "TAYLOR, PHILLIP O:philupo"]
[Black "WU, WILLIAM:chessw23"]
[Result "0-1"]
[ICCResult "White resigns"]
[WhiteElo "1313"]
[BlackElo "1959"]
[Opening "Four knights: Spanish, classical defense"]
[ECO "C48"]
[NIC "KP.03"]
[Time "17:45:15"]
[PlyCount "96"]
[TimeControl "2400+10"]

1. e4 e5 2. Nc3 Nf6 3. Nf3 Nc6 4. Bb5 Bc5 5. Nxe5 O-O 6. Nxc6 dxc6 7. Be2
Qd4 8. O-O Nxe4 9. Nxe4 Qxe4 10. d3 Qg6 11. Be3 Bxe3 12. fxe3 Qh6 13. e4 Be6
14. Bg4 Rad8 15. Qe2 c5 16. Bxe6 Qxe6 17. b3 f5 18. Qf2 fxe4 19. Qxc5 Rxf1+
20. Rxf1 exd3 21. cxd3 Qb6 22. Qxb6 cxb6 23. Rf3 Rc8 24. h3 Rc2 25. Rf2 Rc3
26. Rf3 g6 27. Re3 Kf7 28. Kf2 b5 29. d4 Rc1 30. Kf3 Rd1 31. Ke4 Ke6 32. Rd3
Ra1 33. d5+ Kd6 34. Rd2 Re1+ 35. Kf4 Re5 36. g4 g5+ 37. Kf3 Rxd5 38. Re2
Rd3+ 39. Kg2 a5 40. Rf2 a4 41. bxa4 bxa4 42. Rf7 b5 43. Rxh7 Rd2+ 44. Kg3
Rxa2 45. Rg7 b4 46. Rxg5 b3 47. Rb5 b2 48. g5 Ra3+ {White resigns} 0-1

[Event "ICC tourney 2906 (40 10)"]
[Site "Internet Chess Club"]
[Date "2022.05.07"]
[Round "4"]
[White "GU, CRYSTAL JIUZHOU:fantasymoon"]
[Black "WANG, TED:tedwpnw"]
[Result "1/2-1/2"]
[ICCResult "Game drawn by repetition"]
[WhiteElo "1918"]
[BlackElo "1711"]
[Opening "King's Indian, 3.Nf3"]
[ECO "E60"]
[NIC "KI.79"]
[Time "17:45:18"]
[PlyCount "106"]
[TimeControl "2400+10"]

1. d4 Nf6 2. c4 g6 3. Nf3 Bg7 4. g3 O-O 5. Bg2 d6 6. O-O Nbd7 7. b3 Re8 8.
Bb2 e5 9. dxe5 Ng4 10. Nbd2 Ngxe5 11. Qc2 Nf6 12. Rfd1 Qe7 13. Nxe5 dxe5 14.
Ne4 Nxe4 15. Qxe4 c6 16. Qc2 Bf5 17. Qc3 Bg4 18. Rd2 Rad8 19. h3 Rxd2 20.
Qxd2 Rd8 21. Qe3 Bf5 22. g4 Bc8 23. f4 Re8 24. Rd1 h6 25. fxe5 Kh7 26. Qf4
Be6 27. Qg3 Qc5+ 28. Bd4 Qa5 29. g5 h5 30. Be4 Rd8 31. Qf3 Kg8 32. e3 Qxa2
33. Ra1 Qxb3 34. Rxa7 Qxc4 35. Rxb7 Qc1+ 36. Kg2 Ra8 37. Rb2 Ra2 38. Rxa2
Bxa2 39. Bxc6 Qc2+ 40. Kg3 Be6 41. Bd5 h4+ 42. Kxh4 Bxd5 43. Qxd5 Qf2+ 44.
Kg4 Qf5+ 45. Kh4 Qf2+ 46. Kg4 Qg1+ 47. Kf4 Qh2+ 48. Kg4 Qg1+ 49. Kf4 Qh2+
50. Kg4 Qg1+ 51. Kf4 Qh2+ 52. Kg4 Qg1+ 53. Kf4 Qh2+ {Game drawn by
repetition} 1/2-1/2

[Event "ICC tourney 2906 (40 10)"]
[Site "Internet Chess Club"]
[Date "2022.05.07"]
[Round "4"]
[White "LIANG, YU-CHENG:Yucheng"]
[Black "GUSEINOV, GADIR:GGuseinov"]
[Result "0-1"]
[ICCResult "White resigns"]
[WhiteElo "1994"]
[BlackElo "2711"]
[Opening "Old Indian defense"]
[ECO "A42"]
[NIC "OI.07"]
[Time "17:45:35"]
[PlyCount "108"]
[TimeControl "2400+10"]

1. d4 d6 2. c4 e5 3. e3 Nd7 4. Bd3 g6 5. Ne2 Bg7 6. O-O f5 7. b3 Ne7 8. Bb2
O-O 9. f3 Nc6 10. Na3 Qe7 11. d5 Nb4 12. e4 Nc5 13. Bb1 fxe4 14. Bxe4 Bf5
15. Ng3 Bxe4 16. Nxe4 Nxe4 17. fxe4 Bh6 18. Bc1 Bxc1 19. Qxc1 a5 20. Qd2 Rf4
21. Qe2 Raf8 22. Nb5 Rxf1+ 23. Rxf1 Rxf1+ 24. Qxf1 c6 25. Nc3 Qg5 26. Qe1
Nc2 27. Qe2 Qc1+ 28. Nd1 cxd5 29. Qg4 Qf4 30. Qxf4 exf4 31. exd5 Kf7 32. Kf2
Kf6 33. Nc3 Ke5 34. Nb5 Nb4 35. a3 Nd3+ 36. Kf3 g5 37. Nc7 h5 38. h3 Nc5 39.
b4 axb4 40. axb4 Ne4 41. Ne6 Nd2+ 42. Ke2 Ne4 43. Kf3 b6 44. Ke2 g4 45. hxg4
hxg4 46. Nf8 Kd4 47. Nd7 Nc3+ 48. Kd2 f3 49. gxf3 g3 50. Ke1 Ke3 51. Kf1
Kxf3 52. Ne5+ dxe5 53. d6 g2+ 54. Kg1 Ne2+ {White resigns} 0-1

[Event "ICC tourney 2906 (40 10)"]
[Site "Internet Chess Club"]
[Date "2022.05.07"]
[Round "4"]
[White "QUIRKE, JEFFREY L:PawnEatingZombi"]
[Black "KOEHL, EVAN:MacAndSneeze"]
[Result "1-0"]
[ICCResult "Black resigns"]
[WhiteElo "2029"]
[BlackElo "1790"]
[Opening "Grünfeld: modern exchange variation"]
[ECO "D85"]
[NIC "GI.04"]
[Time "17:45:09"]
[PlyCount "111"]
[TimeControl "2400+10"]

1. d4 Nf6 2. c4 g6 3. Nc3 d5 4. cxd5 Nxd5 5. e4 Nxc3 6. bxc3 Bg7 7. Nf3 c5
8. Be3 Nc6 9. Rc1 Qa5 10. d5 Ne5 11. Nxe5 Bxe5 12. Qd2 O-O 13. Be2 e6 14. f4
Bg7 15. d6 Rd8 16. e5 f6 17. Bf2 fxe5 18. Bh4 Rd7 19. O-O e4 20. Be7 Qa4 21.
Qc2 Qxc2 22. Rxc2 a6 23. Bc4 Kf7 24. f5 gxf5 25. Rxf5+ Kg6 26. Rg5+ Kh6 27.
Rxc5 b6 28. Rc6 Rb7 29. Rxc8 Rxc8 30. Bxa6 Rxe7 31. Bxc8 Re8 32. d7 Rd8 33.
Kf2 Be5 34. g3 Kg6 35. Ke3 Kf7 36. Kxe4 Bc7 37. c4 Bd6 38. a4 Bc5 39. Rb2
Ke7 40. Rb5 Bd6 41. Rxb6 Rg8 42. a5 Bc5 43. Rb5 Rg4+ 44. Kd3 Rd4+ 45. Kc3
Ba7 46. Rb7 Bc5 47. Rc7 Bd6 48. Kxd4 Bxc7 49. a6 Kd8 50. Kc5 Bb8 51. Kb6 e5
52. a7 Bxa7+ 53. Kxa7 e4 54. c5 e3 55. Ba6 e2 56. Bxe2 {Black resigns} 1-0

[Event "ICC tourney 2906 (40 10)"]
[Site "Internet Chess Club"]
[Date "2022.05.07"]
[Round "4"]
[White "SAFARLI, ELTAJ:KRASAVCHIK"]
[Black "KHANIN, SEMEN:TTU-Khanin"]
[Result "1-0"]
[ICCResult "Black resigns"]
[WhiteElo "2650"]
[BlackElo "2567"]
[Opening "Ruy Lopez: four knights (Tarrasch) variation"]
[ECO "C77"]
[NIC "RL.12"]
[Time "17:45:32"]
[PlyCount "125"]
[TimeControl "2400+10"]

1. e4 e5 2. Nf3 Nc6 3. Bb5 a6 4. Ba4 Nf6 5. Nc3 b5 6. Bb3 Be7 7. a4 b4 8.
Nd5 d6 9. d4 Bg4 10. dxe5 Nxe5 11. h3 Nxf3+ 12. gxf3 Be6 13. Be3 Nxd5 14.
Bxd5 Bxd5 15. Qxd5 O-O 16. O-O-O Qd7 17. Rhg1 Qe6 18. Qc6 Bf6 19. Kb1 b3 20.
c3 Qe8 21. Qc4 Rb8 22. Rd5 g6 23. h4 Be5 24. h5 Qe6 25. Qd3 Rfe8 26. f4 Bg7
27. e5 Qd7 28. Ra5 Rbd8 29. Rxa6 Ra8 30. hxg6 hxg6 31. e6 Qxe6 32. f5 gxf5
33. Rxa8 Rxa8 34. Qd4 f6 35. Bh6 c5 36. Qe3 Qxe3 37. Rxg7+ Kh8 38. fxe3 f4
39. exf4 Rxa4 40. Rb7 c4 41. Bg7+ Kh7 42. Bxf6+ Kg6 43. Bd4 Ra8 44. Rb6 Kf5
45. Rxd6 Kxf4 46. Re6 Kf3 47. Be3 Ke2 48. Bc1+ Kd1 49. Rd6+ Ke2 50. Rd2+ Ke1
51. Rd4 Rc8 52. Bf4 Ke2 53. Kc1 Rg8 54. Re4+ Kf3 55. Rxc4 Rg1+ 56. Kd2 Rg2+
57. Kd3 Rxb2 58. Bd2 Rb1 59. Rf4+ Kg3 60. Rb4 Kf3 61. c4 Rb2 62. c5 Rb1 63.
Kc3 {Black resigns} 1-0

[Event "ICC tourney 2906 (40 10)"]
[Site "Internet Chess Club"]
[Date "2022.05.07"]
[Round "4"]
[White "LIU, ERIC CHANG:el008"]
[Black "LIVNE, OREN:orenlivne"]
[Result "1-0"]
[ICCResult "Black resigns"]
[WhiteElo "2059"]
[BlackElo "1844"]
[Opening "Sicilian: accelerated fianchetto, modern variation with Bc4"]
[ECO "B35"]
[NIC "SI.33"]
[Time "17:45:23"]
[PlyCount "123"]
[TimeControl "2400+10"]

1. e4 c5 2. Nf3 g6 3. d4 cxd4 4. Nxd4 Nc6 5. Nc3 Bg7 6. Be3 Nf6 7. Bc4 Qa5
8. O-O O-O 9. Bb3 d6 10. f3 Bd7 11. Re1 Rfe8 12. Kh1 Rac8 13. Qe2 Nxd4 14.
Bxd4 Bc6 15. Rad1 b5 16. Qf2 b4 17. Nd5 Bxd5 18. exd5 Rc7 19. c3 bxc3 20.
Bxc3 Qb5 21. Rd4 Nd7 22. Ba4 Qc5 23. Rd2 Qxf2 24. Rxf2 Bxc3 25. bxc3 e5 26.
dxe6 Rxe6 27. Rd1 Nc5 28. Bb5 Re3 29. g3 a6 30. Bf1 Rc6 31. c4 Nd7 32. Rfd2
Re6 33. Bh3 f5 34. f4 Nf6 35. Bg2 Ne4 36. Rd4 Nf2+ 37. Kg1 Nxd1 38. Bxc6
Re1+ 39. Kg2 Re2+ 40. Kf1 Nc3 41. Rxd6 Rxa2 42. Bb7 a5 43. c5 Ra1+ 44. Kg2
Ne4 45. Rd8+ Kf7 46. c6 Rc1 47. Rd7+ Ke6 48. Rxh7 Nd6 49. Ba8 a4 50. Ra7
Rc2+ 51. Kg1 Rc4 52. c7 Kd7 53. Bd5 Rxc7 54. Rxa4 Rc1+ 55. Kg2 Ke7 56. Ra7+
Kf6 57. Rd7 Rc2+ 58. Kh3 Rc5 59. Rxd6+ Ke7 60. Re6+ Kd7 61. Re5 Kd6 62. Bf7
{Black resigns}
1-0

[Event "ICC tourney 2906 (40 10)"]
[Site "Internet Chess Club"]
[Date "2022.05.07"]
[Round "5"]
[White "SHEEHAN, ETHAN THOMAS:Chessking2008"]
[Black "MARKOVIC, GORAN:Goran21"]
[Result "1-0"]
[ICCResult "Black resigns"]
[WhiteElo "2276"]
[BlackElo "1794"]
[Opening "QGD: 4.Bg5 Be7"]
[ECO "D53"]
[NIC "QO.13"]
[Time "20:00:48"]
[PlyCount "97"]
[TimeControl "2400+10"]

1. c4 e6 2. Nc3 d5 3. d4 Nf6 4. Bg5 Be7 5. e3 h6 6. Bh4 O-O 7. cxd5 Nxd5 8.
Bxe7 Qxe7 9. Nxd5 exd5 10. Nf3 Bg4 11. Be2 Bxf3 12. Bxf3 c6 13. O-O Nd7 14.
Qc2 Nf6 15. Rab1 a6 16. b4 Rfe8 17. a4 Rac8 18. Rfc1 Red8 19. b5 axb5 20.
axb5 Rd6 21. h3 Ne4 22. Qb2 Rg6 23. bxc6 bxc6 24. Qb7 Rc7 25. Qa8+ Kh7 26.
Rb8 Rg5 27. Rxc6 Rxc6 28. Rh8+ Kg6 29. Qxc6+ Nf6 30. Bd1 Qb4 31. Qc2+ Ne4
32. Qe2 f5 33. Kh2 Qd6+ 34. f4 Kf6 35. Ra8 Kf7 36. Ra6 Qc7 37. Qa2 Qb8 38.
Qxd5+ Ke7 39. Qe5+ Qxe5 40. dxe5 Rg3 41. Bf3 g5 42. Bxe4 Rxe3 43. Bxf5 gxf4
44. Rxh6 Rxe5 45. Bg4 Ra5 46. Bf3 Ra4 47. Rb6 Ra2 48. h4 Rb2 49. Rxb2
{Black resigns}
1-0

[Event "ICC tourney 2906 (40 10)"]
[Site "Internet Chess Club"]
[Date "2022.05.07"]
[Round "5"]
[White "JIANG, ANDREW:K05-16091063"]
[Black "WANG, ALEXANDER J:ickyquarter"]
[Result "1-0"]
[ICCResult "Black resigns"]
[WhiteElo "2008"]
[BlackElo "1929"]
[Opening "Sicilian"]
[ECO "B50"]
[NIC "SI.01"]
[Time "20:00:29"]
[PlyCount "91"]
[TimeControl "2400+10"]

1. e4 c5 2. Nf3 d6 3. c3 Nf6 4. Be2 Nc6 5. d4 cxd4 6. cxd4 e6 7. Nc3 Be7 8.
Be3 O-O 9. O-O a6 10. Rc1 b5 11. a3 Bb7 12. h3 Rc8 13. b4 d5 14. e5 Nd7 15.
Nd2 Nb6 16. f4 Nc4 17. Nxc4 dxc4 18. Bf3 Qd7 19. d5 Nd8 20. d6 Bh4 21. Bxb7
Nxb7 22. Qg4 Bd8 23. f5 exf5 24. Rxf5 g6 25. Rcf1 h5 26. Qg3 Kh7 27. Qf4 Kg8
28. Qg3 Kh7 29. R5f4 Qe6 30. Qf3 Bg5 31. Rxf7+ Rxf7 32. Qxf7+ Qxf7 33. Rxf7+
Kg8 34. Rf3 Bxe3+ 35. Rxe3 Re8 36. d7 Re7 37. Nd5 Re6 38. Nf4 Re7 39. e6 Nd8
40. h4 Kg7 41. Rg3 Kh7 42. Nxg6 Rxe6 43. Nf8+ Kh8 44. Nxe6 Nxe6 45. Re3 Nd8
46. Re8+ {Black resigns} 1-0

[Event "ICC tourney 2906 (40 10)"]
[Site "Internet Chess Club"]
[Date "2022.05.07"]
[Round "5"]
[White "OPASKA, MICHAEL:mopaska1106"]
[Black "QI, JENNY:eevee11"]
[Result "1-0"]
[ICCResult "Black checkmated"]
[WhiteElo "1778"]
[BlackElo "1424"]
[Opening "Réti: King's Indian attack"]
[ECO "A05"]
[NIC "QP.11"]
[Time "20:00:12"]
[PlyCount "83"]
[TimeControl "2400+10"]

1. Nf3 Nf6 2. g3 g6 3. Bg2 Bg7 4. O-O O-O 5. c4 d5 6. Nc3 dxc4 7. b3 Nd5 8.
Nxd5 Bxa1 9. Ba3 Qxd5 10. Qxa1 Nc6 11. bxc4 Qxc4 12. d3 Qe6 13. Qb2 Re8 14.
Rc1 Qf6 15. Qd2 e5 16. Bb2 Bg4 17. Ng5 Nd4 18. Ne4 Qe7 19. f3 Be6 20. e3 Nc6
21. Rxc6 bxc6 22. Bxe5 f5 23. Nf6+ Kf8 24. e4 Bxa2 25. d4 Bg8 26. Qh6+ Kf7
27. exf5 gxf5 28. Bf1 Qb4 29. Nd5 Re6 30. Qg7+ Ke8 31. Qxg8+ Kd7 32. Qf7+
Kd8 33. Qxc7+ Ke8 34. Nxb4 Kf8 35. Qg7+ Ke8 36. Qg8+ Kd7 37. Qxa8 Ke7 38.
Nxc6+ Kf7 39. Qb7+ Kg6 40. Qg7+ Kh5 41. g4+ Kh4 42. Bg3# {Black checkmated}
1-0

[Event "ICC tourney 2906 (40 10)"]
[Site "Internet Chess Club"]
[Date "2022.05.07"]
[Round "5"]
[White "TAYLOR, PHILLIP O:philupo"]
[Black "GU, CRYSTAL JIUZHOU:fantasymoon"]
[Result "0-1"]
[ICCResult "White resigns"]
[WhiteElo "1313"]
[BlackElo "1918"]
[Opening "Sicilian: closed"]
[ECO "B23"]
[NIC "SI.44"]
[Time "20:00:33"]
[PlyCount "72"]
[TimeControl "2400+10"]

1. e4 c5 2. Nc3 d6 3. g4 Nc6 4. d3 g6 5. Bh3 Bg7 6. f4 e5 7. f5 Qh4+ 8. Kf1
gxf5 9. gxf5 Nh6 10. Bxh6 Bxh6 11. Qg4 Qxg4 12. Bxg4 Nd4 13. Bd1 b6 14. Nd5
Kd8 15. c3 Nc6 16. Bh5 Rf8 17. Nf6 Bg7 18. Ng4 Ba6 19. Rd1 Kd7 20. Nf3 h6
21. Rg1 Bb7 22. Ne3 Bh8 23. Ke2 Ne7 24. Rg3 d5 25. exd5 Nxd5 26. Nxd5 Bxd5
27. c4 Bc6 28. Rdg1 Rae8 29. Nd2 e4 30. dxe4 Bxe4 31. Re3 Bd3+ 32. Kxd3
Rxe3+ 33. Kc2 Rh3 34. Be2 Rxh2 35. Bd3 Bd4 36. b3 Bxg1 {White resigns} 0-1

[Event "ICC tourney 2906 (40 10)"]
[Site "Internet Chess Club"]
[Date "2022.05.07"]
[Round "5"]
[White "TAO, SIHAN:K06-16931716"]
[Black "Kodarapu, Ishaan:pika0008"]
[Result "1/2-1/2"]
[ICCResult "Game drawn by repetition"]
[WhiteElo "1847"]
[BlackElo "1958"]
[Opening "Sicilian: Labourdonnais-Löwenthal (Kalashnikov) variation"]
[ECO "B32"]
[NIC "SI.32"]
[Time "20:00:20"]
[PlyCount "82"]
[TimeControl "2400+10"]

1. e4 c5 2. Nf3 Nc6 3. d4 cxd4 4. Nxd4 e5 5. Nb5 d6 6. N1c3 a6 7. Na3 b5 8.
Nd5 Nge7 9. Be3 Rb8 10. Be2 Nxd5 11. exd5 Ne7 12. O-O g6 13. c4 b4 14. Nc2
Bg7 15. b3 O-O 16. Qd2 f5 17. f4 a5 18. Rad1 Bd7 19. fxe5 dxe5 20. Bh6 f4
21. Bxg7 Kxg7 22. c5 Nf5 23. Bf3 Bb5 24. Rfe1 Qc7 25. c6 Qd6 26. Kh1 Rbe8
27. a3 bxa3 28. Qxa5 e4 29. Bxe4 Ne3 30. Nxe3 Rxe4 31. Nf5+ gxf5 32. Qxb5
Rfe8 33. Qa5 Rxe1+ 34. Rxe1 Qc5 35. Qd2 Rxe1+ 36. Qxe1 a2 37. Qe5+ Kg6 38.
Qe6+ Kg7 39. Qe5+ Kg6 40. Qe6+ Kg7 41. Qe5+ Kg6 {Game drawn by repetition}
1/2-1/2